 Dungeon Crawl Stone Soup version 0.23-a0-164-g7711e57 (webtiles) character file.

56 Amnesiac the Chiller (level 3, -4/26 HPs)
             Began as a Mummy Ice Elementalist on Sept 9, 2018.
             Killed by divine providence
             ... invoked by an orc priest
              (15 damage)
             ... on level 4 of the Dungeon.
             The game lasted 00:01:15 (639 turns).

Amnesiac the Chiller (Mummy Ice Elementalist)        Turns: 639, Time: 00:01:16

Health: -4/26      AC:  3    Str: 11    XL:     3   Next: 69%
Magic:  5/7        EV: 12    Int: 15    God:
Gold:   88         SH:  0    Dex: 12    Spells: 4/8 levels left

rFire    x . .     SeeInvis .   e - +0 hunting sling
rCold    + . .     Gourm    .   (no shield)
rNeg     + + +     Faith    .   a - +0 robe
rPois    ∞         Spirit   .   (no helmet)
rElec    .         Reflect  .   (no cloak)
rCorr    .         Harm     .   (no gloves)
MR       .....                  f - +0 pair of boots
Stlth    ++........             (no amulet)
HPRegen  0.08/turn              (no ring)
MPRegen  0.10/turn              (no ring)

@: no status effects
A: no food or potions, fire vulnerability, cold resistance 1, negative energy
resistance 3, torment resistance, unbreathing
a: no special abilities


You were on level 4 of the Dungeon.
You were not hungry.

You visited 1 branch of the dungeon, and saw 4 of its levels.

You collected 88 gold pieces.

Inventory:

Hand Weapons
 e - a +0 hunting sling (weapon)
Missiles
 d - 9 stones (quivered)
Armour
 a - a +0 robe (worn)
 f - a +0 pair of boots (worn)
Scrolls
 b - a scroll of identify {!r, unknown}
 c - a scroll of enchant armour {!r, unknown}
 g - a scroll of amnesia {!r, unknown}


   Skills:
 - Level 1.1 Fighting
 + Level 1.6 Dodging
 - Level 1.5 Stealth
 + Level 3.3 Spellcasting
   Level 0.7 Conjurations
 * Level 3.3 Ice Magic


You had 4 spell levels left.
You knew the following spells:

 Your Spells              Type           Power        Failure   Level  Hunger
a - Freeze                Ice            ##..         4%          1    N/A
z - Ozocubu's Armour      Chrm/Ice       #.......     28%         3    N/A

Your spell library contained the following spells:

 Spells                   Type           Power        Failure   Level  Hunger
 Throw Frost              Conj/Ice       #.....       13%         2    N/A
 Throw Icicle             Conj/Ice       #.......     63%         4    N/A
 Summon Ice Beast         Ice/Summ       #.......     67%         4    N/A

Dungeon Overview and Level Annotations

Branches:
Dungeon (4/15)
 Temple: D:4-7

Altars:


Innate Abilities, Weirdness & Mutations

You do not eat or drink.
Your flesh is vulnerable to fire.
You are immune to poison.
Your flesh is cold resistant. (rC+)
You are immune to negative energy. (rN+++)
You are immune to unholy pain and torment.
You can survive without breathing.


Message History

You shoot a stone. The ball python hisses angrily.
The stone hits the orc but does no damage.
The orc is almost dead.
You hear a shout!
Firing (i - inventory)
d - 14 stones (quivered)
Press: ? - help, Shift-Dir - straight line, f/p - orc
Aim: an orc, wielding an enchanted flail (almost dead)
You shoot a stone. The stone hits the orc!
You kill the orc!
An orc comes into view. It is wielding a club.
Firing (i - inventory)
d - 13 stones (quivered)
Press: ? - help, Shift-Dir - straight line, f - ball python
Aim: a ball python You shoot a stone.
The stone hits the ball python.
You kill the ball python!
Unknown command.
Firing (i - inventory)
d - 12 stones (quivered)
Press: ? - help, Shift-Dir - straight line, f - orc
Aim: an orc, wielding a club You shoot a stone.
The stone hits the orc.
The orc is severely wounded.
Firing (i - inventory)
d - 11 stones (quivered)
Press: ? - help, Shift-Dir - straight line, f/p - orc
Aim: an orc, wielding a club (severely wounded)
You shoot a stone. The stone hits the orc.
You kill the orc!
A worker ant comes into view.
The worker ant moves out of view.
No target in view!
Found a ration.
Things that are here:
a stone; a club; an orc corpse Firing (i - inventory)
d - 10 stones (quivered)
Press: ? - help, Shift-Dir - straight line, f - worker ant
Aim: a worker ant You shoot a stone.
The stone hits the worker ant but does no damage.
The worker ant bites you!
Unknown command.
Casting: Freeze (safe; 4% risk of failure)
Confirm with . or Enter, or press ? or * to list all spells.
Aiming: Freeze (safe; 4% risk of failure)
Press: ? - help, Shift-Dir - straight line, f/p - worker ant
Aim: a worker ant You freeze the worker ant.
The worker ant is moderately wounded.
An orc priest comes into view.
The worker ant bites you.
An orc priest comes into view. It is wielding a mace.
Casting: Freeze (safe; 4% risk of failure)
Confirm with . or Enter, or press ? or * to list all spells.
Aiming: Freeze (safe; 4% risk of failure)
Press: ? - help, Shift-Dir - straight line, f/p - worker ant
Aim: a worker ant (moderately wounded)
You freeze the worker ant.
The worker ant is heavily wounded.
The orc priest shouts! x2
The worker ant bites you.
* * * LOW HITPOINT WARNING * * *
The orc priest invokes the aid of Beogh against you.
Beogh smites you!
Ouch! That really hurt!
You die...

# .# #. . .# ### #.##
.## ..###..# ..##
##...##.#### ..##
#.!........#####..##.#
................@((..#
...........######a.(.#
..........>.(####(.....%
.....<...........o......
...........#.##..o......
...........#.# ........
#............# .......
#..........#.......#####
#..........####..


You could see a worker ant and 2 orc priests.

Vanquished Creatures
  A hound (D:3)
  An adder (D:3)
  A leopard gecko (D:3)
  2 orcs (D:4)
  A giant cockroach (D:1)
  3 hobgoblins
  A ball python (D:4)
  A bat (D:3)
  A frilled lizard (D:1)
  2 rats
14 creatures vanquished.

Notes
Turn   | Place    | Note
-------+----------+-------------------------------------------
     0 | D:1      | Amnesiac the Mummy Ice Elementalist began the quest for the
                  | Orb.
     0 | D:1      | Reached XP level 1. HP: 13/13 MP: 4/4
   376 | D:3      | Noticed a hound
   382 | D:3      | Killed a hound
   382 | D:3      | Reached skill level 1 in Fighting
   382 | D:3      | Reached XP level 2. HP: 10/21 MP: 0/6
   382 | D:3      | Reached XP level 3. HP: 12/26 MP: 0/7
   624 | D:4      | Learned a level 3 spell: Ozocubu's Armour
   639 | D:4      | Killed from afar by an orc priest

Vault maps used:
D:1:      elethiomel_arrival_infinity_welcomes_careful_drivers, st_stairs_8,
          minivault_19
D:2:      serial_glass, glass_columns_b, glass_columns_a, glass_columns_a,
          glass_columns_a, minmay_misc_feat_secret_circle
D:3:      ebering_ghost_sewer_d
D:4:      first_ration

Skill      XL: |  1 |
---------------+----+-----
Fighting       | 1 |  1.1
Spellcasting   | 3 |  3.3
Ice Magic      | 3 |  3.3
Dodging        | |  1.6
Stealth        | |  1.5
Conjurations   | |  0.7

Action                   || total
-------------------------++-------
 Fire: Hunting sling     ||    11
 Cast: Freeze            ||    24
Armor: Robe              ||     5
Dodge: Dodged            ||    11

Table legend:
 A = Non-vault XP
 B = Vault XP
 C = Vault XP percentage of total XP
 D = Non-vault monster count
 E = Vault monster count
 F = Vault count percentage of total count
                 A         B        C        D         E       F
            +---------+---------+-------+---------+---------+-------
      Total |      80 |       0 |   0.0 |      14 |       0 |   0.0
            +---------+---------+-------+---------+---------+-------
        D:1 |       6 |       0 |   0.0 |       4 |       0 |   0.0
        D:2 |       3 |       0 |   0.0 |       2 |       0 |   0.0
        D:3 |      64 |       0 |   0.0 |       5 |       0 |   0.0
        D:4 |       7 |       0 |   0.0 |       3 |       0 |   0.0
            +---------+---------+-------+---------+---------+-------
